 Dungeon Crawl Stone Soup version 0.29-a0-732-g3d7fbe0af2 (webtiles) character file.

Game seed: 1660035813487737593

18 gobodom the Trooper (level 2, 0/33 HPs)
             Began as an Ogre Fighter on June 29, 2022.
             Slain by a hobgoblin (2 damage)
             ... led by Robin
             ... on level 2 of the Dungeon.
             The game lasted 00:01:57 (868 turns).

gobodom the Trooper (Ogre Fighter)                   Turns: 868, Time: 00:01:57

Health: 0/33       AC:  3    Str: 25    XL:     2   Next: 70%
Magic:  2/2        EV:  8    Int:  9    God:
Gold:   97         SH:  7    Dex:  8    Spells: 1/1 levels left

rFire   . . .      SeeInvis .   a - +0 war axe
rCold   . . .      Faith    .   c - +0 kite shield
rNeg    . . .      Spirit   .   b - +0 robe
rPois   .          Reflect  .   (helmet restricted)
rElec   .          Harm     .   (no cloak)
rCorr   .          Rampage  .   (gloves unavailable)
Will    .....                   (boots unavailable)
Stlth   +.........              (no amulet)
HPRegen 0.11/turn               m - +6 ring of strength
MPRegen 0.08/turn               (no ring)

@: no status effects
A: large, unfitting armour, tough skin 1
a: no special abilities


You were on level 2 of the Dungeon.
You visited 1 branch of the dungeon, and saw 2 of its levels.

You collected 97 gold pieces.

Inventory:

Hand Weapons
 a - a +0 war axe (weapon)
Missiles
 j - 5 poisoned darts (quivered)
 k - 2 boomerangs
Armour
 b - a +0 robe (worn)
 c - a +0 kite shield (worn)
Jewellery
 m - a +6 ring of strength (left hand)
Scrolls
 g - a scroll of vulnerability {unknown}
 h - a scroll of blinking {unknown}
 i - a scroll of fear {unknown}
Potions
 d - a potion of might
 e - a potion of mutation {unknown}
 f - 2 potions of curing {unknown}
 l - a potion of lignification {unknown}


   Skills:
 + Level 4.3 Fighting
 + Level 2.2 Axes
 + Level 2.9 Dodging
 + Level 3.2 Shields


You had one spell level left.
You didn't know any spells.
Your spell library was empty.

Dungeon Overview and Level Annotations

Branches:
Dungeon (2/15)

Altars:

Annotations:
D:2 Robin


Innate Abilities, Weirdness & Mutations

You are too large for most types of armour.
You have tough skin. (AC +1)


Message History

A goblin comes into view. It is wielding a +0 club.
The goblin hits you but does no damage. The goblin hits you with a +0 club.
A goblin comes into view. It is wielding a +0 club.
You throw a poisoned dart.
The poisoned dart closely misses the goblin.
The goblin shouts!
A hobgoblin comes into view.
The goblin barely misses you.
Robin roars a battlecry!
The goblins go into a battle-frenzy!
The goblin hits you with a +0 club.
You closely miss the goblin.
The goblin is heavily wounded.
You barely miss the goblin. You slash the goblin!
You kill the goblin! x2
The goblin barely misses you.
A hobgoblin comes into view.
The goblin hits you but does no damage. Robin throws the goblin at you!
You closely miss the goblin. You slash the goblin!
You kill the goblin!
You hit the goblin. You block the goblin's attack.
The goblin hits you with a +0 club.
You closely miss the goblin. You barely miss the goblin.
The goblin hits you but does no damage. You block the goblin's attack.
Robin throws the goblin at you! The goblin hits you with a +0 dagger.
The goblin barely misses you. The goblin hits you with a +0 club.
* * * LOW HITPOINT WARNING * * *
You slash the goblin!
You kill the goblin!
You hit the hobgoblin. You barely miss the goblin. You slash the goblin!
You kill the goblin!
Robin throws the goblin at you!
* * * LOW HITPOINT WARNING * * *
The hobgoblin barely misses you. The goblin hits you with a +0 club.
* * * LOW HITPOINT WARNING * * *
You block the goblin's attack. The hobgoblin attacks as you move away!
The hobgoblin barely misses you. The goblin attacks as you move away!
You block the goblin's attack. The hobgoblin attacks as you move away!
The hobgoblin hits you.
You die...

####.###.###
#.........>..
#............
#...#........
#...##..(#.##
#..........<#
#..........(#
###...........#.###
.......@g..........
###...##g.).#.#.###
#.. #gg)(#.#.# #.
#).)(#.. . #
..g####### # g<##..
..g ##. .. . . .#


You could see 2 hobgoblins and 3 goblins.

Vanquished Creatures
  A dart slug (D:1)
  2 endoplasms (D:1)
  7 goblins
  A kobold (D:1)
  A ball python (D:1)
  2 bats (D:1)
  A rat (D:1)
15 creatures vanquished.

Notes
Turn   | Place    | Note
-------+----------+-------------------------------------------
     0 | D:1      | gobodom the Ogre Fighter began the quest for the Orb.
     0 | D:1      | Reached XP level 1. HP: 24/24 MP: 1/1
   340 | D:1      | Reached XP level 2. HP: 21/32 MP: 2/2
   857 | D:2      | Noticed Robin
   868 | D:2      | Slain by a hobgoblin

Illustrated notes

Levels and vault maps discovered:
D:1:      tarquinn_simple_flora_water_d, layout_loops_ring
D:2:      layout_loops_ring, hellmonk_ecumenical_altar_zigzags, serial_glass,
          glass_columns_b, glass_columns_b, uniq_robin

Action                   || total
-------------------------++-------
Melee: War axe           ||    34
Throw: Dart              ||     5
Armor: Robe              ||    17
Dodge: Dodged            ||    18
Block: Kite shield       ||    18

Table legend: (Time is in decaauts)
 A = Elapsed time spent in this place.
 B = Non-inter-level travel time spent in this place.
 C = Inter-level travel time spent in this place.
 D = Time resting spent in this place.
 E = Time spent auto-exploring this place.
 F = Levels seen in this place.
 G = Mean time per level.
                   A        B        C        D        E       F      G
               +--------+--------+--------+--------+--------+-----+--------+
         Total |    886 |    886 |      0 |      0 |    704 |   2 |  443.0 |
       Dungeon |    886 |    886 |      0 |      0 |    704 |   2 |  443.0 |
               +--------+--------+--------+--------+--------+-----+--------+

Top non-repeatable levels by time:
     D:1: 867 daAuts
     D:2: 19 daAuts
